 Dungeon Crawl Stone Soup version 0.29.1-2-gbd0b4ee654 (webtiles) character file.

Game seed: 14204984015242829851

1354 jamesblauser the Chopper (level 8, -6/70 HPs)
             Began as a Purple Draconian Berserker on Nov 5, 2022.
             Was a Believer of Trog.
             Shot with an arrow by a centaur (9 damage)
             ... on level 7 of the Dungeon.
             The game lasted 00:21:55 (4743 turns).

jamesblauser the Chopper (DrBe)                     Turns: 4743, Time: 00:21:56

Health: -6/70      AC:  7    Str: 20    XL:     8   Next: 37%
Magic:  7/7        EV: 13    Int:  5    God:    Trog [**....]
Gold:   215        SH:  0    Dex: 11    Spells: 7/7 levels left

rFire   . . .      SeeInvis .   e - +4 battleaxe (vorpal)
rCold   . . .      Faith    .   (shield currently unavailable)
rNeg    . . .      Spirit   .   (body armour unavailable)
rPois   .          Reflect  .   (helmet restricted)
rElec   .          Harm     .   (no cloak)
rCorr   .          Rampage  .   b - +0 pair of gloves
Will    +++..                   (no boots)
Stlth   ++........              (no amulet)
HPRegen 1.21/turn               (no ring)
MPRegen 0.10/turn               (no ring)

@: strong-willed, on berserk cooldown, regenerating, slowed, very slow
A: breathe power, AC +6, unfitting armour, cold-blooded, dopey 1, low MP 1, weak
1
a: Breathe Dispelling Energy, Renounce Religion, Berserk, Trog's Hand


You were on level 7 of the Dungeon.
You worshipped Trog.
Trog was pleased with you.
You visited 1 branch of the dungeon, and saw 6 of its levels.

You collected 215 gold pieces.

Inventory:

Hand Weapons
 a - a +0 hand axe
 e - a +4 vorpal battleaxe (weapon)
 g - a +0 war axe
 j - a +0 club
Armour
 b - a +0 pair of gloves (worn)
 c - a scarf of harm
Wands
 h - a wand of roots (7)
 o - a wand of polymorph (9)
Scrolls
 d - 4 scrolls of teleportation
Potions
 i - a potion of brilliance
 k - a potion of might
 l - a potion of heal wounds
 n - a potion of lignification {unknown}


   Skills:
 + Level 6.3 Fighting
 + Level 7.9(8.0) Axes
 + Level 1.2(5.1) Maces & Flails
 + Level 4.7 Dodging
 + Level 1.6 Stealth
 + Level 1.1 Shields


You had 7 spell levels left.
You didn't know any spells.
Your spell library was empty.

Dungeon Overview and Level Annotations

Branches:
Dungeon (7/15)
 Temple: D:4-7

Altars:
Wu Jian
Zin

Shops:
D:2 :


Innate Abilities, Weirdness & Mutations

You can breathe bolts of dispelling energy.
Your rich purple scales are hard. (AC +6)
You cannot fit into any form of body armour.
You are cold-blooded and may be slowed by cold attacks.
You are dopey. (Int -2)
Your magical capacity is low. (-10% MP)
You are weak. (Str -2)


Message History

Trog accepts your kill.
o - a wand of polymorph (9)
Items here: ( )))))) [[[[ ††††.
An orc comes into view. It is wielding a +0 mace.
As you read the scroll labelled VOELERPHOGUXA, it crumbles to dust.
The creatures around you are filled with an inner flame!
It was a scroll of immolation.
It was a potion of berserk rage.
A red film seems to cover your vision as you go berserk!
You feel yourself moving faster!
You feel mighty!
You feel a strong urge to attack something.
Items here: ( )))))) [[[[ ††††.
You slice the orc!! Trog accepts your kill.
The orc explodes!
The fiery explosion engulfs you!!
You are engulfed in blazing flames.
* * * LOW HITPOINT WARNING * * *
You hear a shout!
You hear an angry hiss.
You are engulfed in blazing flames.
* * * LOW HITPOINT WARNING * * *
Things that are here:
a +0 mace; a +0 leather armour You are too berserk!
Calm down first, please.
Calm down first, please.
You feel a strong urge to attack something.
You are engulfed in blazing flames.
* * * LOW HITPOINT WARNING * * *
Items here: ( )))))) [[[[ ††††.
You feel your anger nearly subside.
You are no longer berserk.
You are exhausted.
You feel yourself slow down.
A centaur comes into view.
It is wielding a +0 dagger and carrying a wand of light (6).
A centaur is nearby!
The centaur unwields a +0 dagger.
The centaur wields a +0 shortbow.
The centaur shoots an arrow.
The arrow barely misses you.
Your skin crawls.
You feel strong-willed.
The centaur shoots an arrow.
The arrow hits you!
You die...

#..# ##..##
.# #..#
##..## .#
#..#
##..##.#
..# ##....#
##..## ##
#.## #.#+
##.#
#.§###.)#
#§§..@##
#..c§☼#####
#.#.### ...
#.# #. . #


You could see a centaur.

Vanquished Creatures
  Maggie (D:7)
  Grinder (D:3)
  Duvessa (D:6)
  A black bear (D:6)
  An ogre (D:6)
  A centaur (D:6)
  2 necrophages (D:6)
  Dowan (D:6)
  An orc priest (D:7)
  A hound (D:4)
  Jessica (D:3)
  Natasha (D:2)
  An iguana (D:6)
  3 orc wizards
  Robin (D:3)
  4 gnolls (D:4)
  3 adders
  A white imp (D:6)
  A worm (D:3)
  A dart slug (D:3)
  9 orcs
  6 ball pythons
  5 endoplasms
  5 giant cockroaches
  15 goblins
  6 hobgoblins
  7 jackals
  4 quokkas
  4 bats
  A kobold (D:3)
  5 rats
95 creatures vanquished.

Vanquished Creatures (others)
  5 plants (D:1)
5 creatures vanquished.

Grand Total: 100 creatures vanquished

Notes
Turn   | Place    | Note
-------+----------+-------------------------------------------
     0 | D:1      | jamesblauser the Draconian Berserker began the quest for
                  | the Orb.
     0 | D:1      | Reached XP level 1. HP: 19/19 MP: 1/1
   341 | D:1      | Reached XP level 2. HP: 16/26 MP: 2/2
   738 | D:1      | Found a faded altar of an unknown god.
  1046 | D:2      | Reached XP level 3. HP: 33/33 MP: 3/3
  1115 | D:2      | Reached ** piety under Trog
  1303 | D:2      | Noticed Natasha
  1310 | D:2      | Killed Natasha
  1464 | D:2      | Gained mutation: You have large cloven feet. [potion of
                  | mutation]
  1464 | D:2      | Gained mutation: Your spells are a little easier to cast,
                  | but a little less powerful. [potion of mutation]
  1483 | D:2      | Reached XP level 4. HP: 20/40 MP: 4/4
  1696 | D:2      | Found Pyokh's Book Shop.
  1753 | D:2      | Lost mutation: Your spells are a little easier to cast, but
                  | a little less powerful. [potion of mutation]
  1753 | D:2      | Lost mutation: You have large cloven feet. [potion of
                  | mutation]
  1753 | D:2      | Gained mutation: You are dopey. (Int -2) [potion of
                  | mutation]
  1753 | D:2      | Gained mutation: Your magical capacity is low. (-10% MP)
                  | [potion of mutation]
  1753 | D:2      | Gained mutation: You are weak. (Str -2) [potion of
                  | mutation]
  1862 | D:3      | Noticed Jessica
  1870 | D:3      | Killed Jessica
  1871 | D:3      | Reached skill level 4 in Axes
  2030 | D:3      | Noticed Robin
  2072 | D:3      | HP: 1/40 [constriction (3)]
  2073 | D:3      | Killed Robin
  2074 | D:3      | Reached XP level 5. HP: 4/47 MP: 4/4
  2343 | D:3      | Noticed Grinder
  2343 | D:3      | Paralysed by Grinder for 4 turns
  2356 | D:3      | Killed Grinder
  2357 | D:3      | Reached skill level 5 in Axes
  2357 | D:3      | Reached XP level 6. HP: 35/55 MP: 5/5
  2570 | D:3      | Identified a scroll of acquirement
  2571 | D:3      | Acquired a +4 vorpal battleaxe
  2647 | D:3      | Reached skill level 1 in Shields
  3124 | D:4      | You fall into a shaft and drop 2 floors!
  3159 | D:6      | Reached skill level 5 in Fighting
  3159 | D:6      | Reached skill level 1 in Maces & Flails
  3261 | D:6      | Found an ornate altar of the Wu Jian Council.
  3377 | D:6      | Your scales start taking on a rich purple colour.
  3377 | D:6      | Reached XP level 7. HP: 60/61 MP: 6/6
  3390 | D:6      | Found a glowing silver altar of Zin.
  3419 | D:6      | Reached skill level 6 in Axes
  3600 | D:6      | Reached skill level 1 in Stealth
  3833 | D:6      | Noticed Duvessa
  3833 | D:6      | Noticed Dowan
  3843 | D:6      | Killed Dowan
  3846 | D:6      | Killed Duvessa
  4137 | D:6      | Identified the +3 plate armour "Ukeam" {Str+6}
  4302 | D:6      | Reached skill level 7 in Axes
  4302 | D:6      | Reached XP level 8. HP: 47/70 MP: 7/7
  4511 | D:7      | Noticed Maggie
  4526 | D:7      | Killed Maggie
  4739 | D:7      | HP: 1/105 [cloud of flame (9)]
  4743 | D:7      | Shot with an arrow by a centaur

Illustrated notes

Levels and vault maps discovered:
D:1:      wander_arrival_fairy_ring, layout_basic, serial_curves,
          eino_curves_02, eino_curves_01, shapermc_ecumenical_altar_mp_highgroup
D:2:      layout_rooms, serial_shops, nicolae_shop_behind_doors, uniq_natasha
D:3:      layout_basic, uniq_grinder, uniq_jessica, uniq_robin
D:4:      layout_loops_cross, ebering_ghost_gozag
D:6:      layout_loops_ring, mainiacjoe_overflow_six_doors_small, zin_academy,
          uniq_duvessa
D:7:      cheibrodos_quashed, layout_loops_ring, nemelex_spade_bored_becter,
          uniq_crazy_yiuf_cottage, uniq_maggie

Skill      XL: |  1  2  3  4  5  6  7  8 |
---------------+-------------------------+-----
Dodging        | 3 4 |  4.7
Fighting       | 4 5 6 |  6.3
Axes           | 4 5 7 |  7.9
Shields        | 1 |  1.1
Maces & Flails | 1 |  1.2
Stealth        | 1 |  1.6

Action                   |  1- 3 |  4- 6 |  7- 9 || total
-------------------------+-------+-------+-------++-------
Melee: Hand axe          |   120 |    17 |       ||   137
       Tailslap          |    10 |     7 |     7 ||    24
       Kick              |     2 |     2 |       ||     4
       War axe           |       |    42 |       ||    42
       Club              |       |    15 |       ||    15
       Battleaxe         |       |    24 |    64 ||    88
Invok: Trog's Hand       |       |     4 |     4 ||     8
       Berserk           |       |     2 |       ||     2
 Abil: Breathe Dispellin |       |       |     3 ||     3
  Use: Scroll            |     7 |     4 |     1 ||    12
       Potion            |     2 |     2 |     1 ||     5
Armor: Skin              |    69 |    38 |    16 ||   123
Dodge: Dodged            |   136 |    61 |    54 ||   251
Block: Buckler           |     4 |    18 |       ||    22
